 Dungeon Crawl Stone Soup version 0.18.1-48-g4cf74bf (webtiles) character file.

47436 vale the Fighter (level 14, -2/125 HPs)
             Began as a Ghoul Wizard on July 9, 2016.
             Was an Elder of Ashenzari.
             Slain by a stone giant (30 damage)
             ... on level 1 of the Orcish Mines.
             The game lasted 02:13:00 (36085 turns).

vale the Fighter (Ghoul Wizard)                    Turns: 36085, Time: 02:13:01

Health: -2/125     AC:  8    Str: 12    XL:     14   Next: 41%
Magic:  6/25       EV: 23    Int: 16    God:    Ashenzari [****..]
Gold:   1489       SH:  5    Dex: 17    Spells: 10 memorised, 3 levels left

rFire  . . .     SeeInvis +     a - +3 dagger (venom) (curse)
rCold  + . .     Gourm    .     o - +0 robe
rNeg   + + +     Faith    .     (no shield)
rPois  ∞         Spirit   .     P - +2 helmet
rElec  .         Dismiss  .     (no cloak)
rCorr  .         Reflect  +     (no gloves)
SustAt .         Harm     .     A - +2 pair of boots
MR     +....     Clarity  +     m - +5 amulet of reflection
Stlth  ++++++....               h - ring of wizardry
                                Q - +4 ring of dexterity

@: agile, regenerating, rotting, repel missiles, somewhat resistant to hostile
enchantments, very stealthy
A: rotting body, claws 1, carnivore 3, cold resistance 1, negative energy
resistance 3, slow regeneration 1, torment resistance, unbreathing
a: Curse Item, Scrying, Renounce Religion


You were on level 1 of the Orcish Mines.
You worshipped Ashenzari.
Ashenzari was greatly pleased with you.
You were not hungry.

You visited 4 branches of the dungeon, and saw 22 of its levels.
You also visited: Bailey.

You collected 1489 gold pieces.

Inventory:

Hand Weapons
 a - a cursed +3 dagger of venom (weapon)
 b - a +2 vampiric dagger
 k - a +0 spear
 r - a +0 quarterstaff
 u - a +1 quarterstaff
Armour
 o - a +0 robe (worn)
 x - a +0 ring mail of cold resistance
 A - a +2 pair of boots (worn)
 D - a cursed -1 ring mail
 P - a +2 helmet (worn)
Jewellery
 h - a ring of wizardry (right claw)
 m - a +5 amulet of reflection (around neck)
 q - an uncursed ring of see invisible
 Q - a +4 ring of dexterity (left claw)
 V - an uncursed ring of protection from magic
Wands
 e - a wand of disintegration (0/24)
 p - a wand of flame (4/48)
 w - a wand of lightning (0/15)
 F - a wand of disintegration (7/24)
 M - a wand of lightning (0/15)
 R - a wand of slowing (16/48)
 T - a wand of confusion (9/48)
 W - a wand of slowing (25/48)
Scrolls
 g - 4 scrolls of recharging
 l - 6 scrolls of enchant weapon
 n - 6 scrolls of fog
 s - 4 scrolls of enchant armour
 y - a scroll of amnesia
 C - a scroll of magic mapping
 H - a scroll of teleportation
 J - 4 scrolls of remove curse
 K - a scroll of blinking
Potions
 i - 2 potions of ambrosia
 t - 4 potions of might
 v - 2 potions of flight
 z - 4 potions of curing
 N - 2 potions of brilliance
 U - a potion of invisibility
Books
 c - a book of Minor Magic

   Spells                             Type                      Level
   a - Magic Dart                     Conjuration                  1
   b - Blink                          Translocation                2
   c - Call Imp                       Summoning                    2
   d - Repel Missiles                 Charms/Air                   2
   e - Slow                           Hexes                        2
   f - Conjure Flame                  Conjuration/Fire             3
   g - Mephitic Cloud                 Conjuration/Poison/Air       3
 B - a book of Unlife

   Spells                             Type                      Level
   a - Recall                         Summoning/Translocation      3
   b - Animate Dead                   Necromancy                   4
   c - Control Undead                 Necromancy                   4
   d - Cigotuvi's Embrace             Necromancy                   5
   e - Death Channel                  Necromancy                   6
   f - Simulacrum                     Ice/Necromancy               6
 L - a book of Dreams

   Spells                             Type                      Level
   a - Ensorcelled Hibernation        Hexes/Ice                    2
   b - Silence                        Hexes/Air                    5
   c - Darkness                       Hexes                        6
   d - Shadow Creatures               Summoning                    6
 O - a book of Battle

   Spells                             Type                      Level
   a - Infusion                       Charms                       1
   b - Shroud of Golubria             Charms/Translocation         2
   c - Song of Slaying                Charms                       2
   d - Spectral Weapon                Hexes/Charms                 3
   e - Regeneration                   Charms/Necromancy            3
 S - a book of Misfortune

   Spells                             Type                      Level
   a - Confusing Touch                Hexes                        2
   b - Confuse                        Hexes                        3
   c - Gell's Gravitas                Hexes/Translocation          3
   d - Petrify                        Transmutation/Earth          4
   e - Metabolic Englaciation         Hexes/Ice                    5
   f - Yara's Violent Unravelling     Hexes/Transmutation          5
Miscellaneous
 I - a fan of gales (inert)
 X - a stone of tremors
Comestibles
 d - 7 meat rations {@e2}
 E - 11 chunks of flesh {@w0}
 G - 4 beef jerkies


   Skills:
 - Level 11.8 Fighting
 + Level 5.5(9.0) Short Blades
 - Level 7.2 Staves
 - Level 2.5 Armour
 - Level 8.3 Dodging
 - Level 10.8 Stealth
 - Level 8.4 Spellcasting
 - Level 6.2 Conjurations
 - Level 6.9 Hexes
 - Level 4.1 Charms
 - Level 0.8 Summonings
 + Level 1.1 Necromancy
 - Level 2.5 Translocations


You had 3 spell levels left.
You knew the following spells:

 Your Spells              Type           Power        Failure   Level  Hunger
a - Magic Dart            Conj           ####         1%          1    None
c - Conjure Flame         Conj/Fire      ###.....     4%          3    #......
d - Mephitic Cloud        Conj/Pois/Air  ##......     6%          3    #......
e - Call Imp              Summ           #.......     6%          2    None
f - Repel Missiles        Chrm/Air       ##....       4%          2    None
g - Regeneration          Chrm/Necr      ###.......   4%          3    #......
h - Spectral Weapon       Hex/Chrm       ###.....     1%          3    #......
i - Confuse               Hex            ####....     1%          3    #......
n - Animate Dead          Necr           N/A          41%         4    ###....
p - Blink                 Tloc           N/A          3%          2    None


Dungeon Overview and Level Annotations

Branches:
Dungeon (11/15)            Temple (1/1) D:6            Lair (8/8) D:10
 Shoals (0/4) Lair:4        Snake (0/4) Lair:5        Slime (0/6) Lair:6
    Orc (2/2) D:11            Elf (0/3) Orc:2

Altars:
Ashenzari
Cheibriados
Dithmenos
Elyvilon
Fedhas
Gozag
Kikubaaqudgha
Makhleb
Nemelex Xobeh
Okawaru
Pakellas
Qazlal
Ru
Sif Muna
Trog
Vehumet
Xom
Yredelemnul
Zin
The Shining One

Shops:
Orc:1 (

Annotations:
D:2 1 exclusion
D:10 exclusion: gargoyle, ReaperSqirrel's ghost, novice MiMo
D:11 Fannar; Psyche
Lair:1 isthmus's ghost, journeyman CeFi


Innate Abilities, Weirdness & Mutations

Your body is rotting away.
You thrive on raw meat.
You are immune to poison.
You have sharp fingernails.
You are carnivorous and can eat meat at any time.
Your flesh is cold resistant.
You are immune to negative energy.
You regenerate slowly when monsters are visible.
You are immune to unholy pain and torment.
You can survive without breathing.


Message History

You take 29 damage, and have 48/125 hp.
MASSIVE DAMAGE!!
You hit the stone giant.
The stone giant is engulfed in noxious fumes.
The stone giant hits you!
* * * LOW HITPOINT WARNING * * *
You take 12 damage, and have 36/125 hp.
Drink which item? (? for menu, Esc to quit)
You feel agile all of a sudden.
The stone giant is engulfed in noxious fumes.
The stone giant hits you!
* * * LOW HITPOINT WARNING * * *
You take 9 damage, and have 27/125 hp.
You barely miss the stone giant.
Aim: a stone giant (almost dead, poisoned)
The ball explodes into a vile cloud!
The stinking cloud engulfs the stone giant.
The stinking cloud engulfs you!
The stone giant is engulfed in noxious fumes.
The stone giant hits you!!
You die...

#....# ###...
##.....# #.....
#......# **
##.#.#
##....... *
####. #......,
,,*, ##
##....## , *
###....§§# ,*
#($.(.§C##* ,
,* #.>)$.@.§#**
, ,,, * ###
###.[)...# ,
,,* #.#
##.....(..., *
##.##
###........
#...##
#.$.....#
###....###
##......#
#......#.#
.....##
#####.......###
#...##
#.#.........#.#
#.##


You could see a stone giant.

Vanquished Creatures
  6 hydras
  2 catoblepae (Lair:7)
  Sonja (Orc:2)
  2 wolf spiders (Lair:8)
  An orc sorcerer (D:11)
  A griffon (Lair:6)
  An ugly thing (D:11)
  3 elephants
  6 black mambas
  3 sirens (Lair:4)
  A guardian serpent (Lair:8)
  A torpor snail (Lair:8)
  16 spiny frogs
  4 komodo dragons
  3 rime drakes
  A merfolk (Lair:4)
  6 polar bears
  A troll (D:11)
  Prince Ribbit (D:8)
  A two-headed ogre (Orc:1)
  A boulder beetle (Lair:7)
  17 blink frogs
  A redback (Lair:8)
  9 wyverns
  42 yaks
  A spriggan (D:7)
  A basilisk (Lair:3)
  11 hippogriffs
  2 hill giant zombies (D:11)
  2 hungry ghosts
  A warg (Orc:2)
  15 porcupines
  16 water moccasins
  8 orc warriors
  2 sky beasts
  3 wasps
  9 black bears
  An eye of draining (D:9)
  5 phantoms
  8 ogres
  6 wolves (Lair:7)
  3 centaurs
  18 crocodiles
  A big kobold (D:8)
  13 giant frogs
  A scorpion (D:9)
  2 troll zombies (D:11)
  A water moccasin skeleton (D:5)
  14 killer bees
  3 wights (D:9)
  An electric eel (Lair:1)
  2 howler monkeys
  6 crimson imps
  A quasit (D:10)
  3 centaur zombies
  5 jellies
  12 orc wizards
  5 hounds
  7 orc priests
  3 centaur skeletons
  5 giant frog skeletons
  15 iguanas
  2 hell rats (Lair:5)
  8 worker ants
  A killer bee zombie (D:7)
  35 sheep
  2 ogre zombies (D:11)
  A hound zombie (D:6)
  2 hound skeletons (D:6)
  A howler monkey zombie (D:10)
  A worker ant zombie (D:9)
  A howler monkey skeleton (D:7)
  13 adders
  68 river rats
  12 white imps (Lair:2)
  An ooze (D:2)
  3 adder skeletons
  2 worms
  10 giant geckos
  62 orcs
  6 giant cockroaches
  7 goblins
  10 hobgoblins
  17 jackals
  8 quokkas
  A ball python (D:6)
  12 bats
  A giant gecko skeleton (D:5)
  A giant gecko zombie (D:6)
  6 giant newts
  A goblin skeleton (D:11)
  3 goblin zombies (D:11)
  2 hobgoblin skeletons (D:11)
  A hobgoblin zombie (D:11)
  15 kobolds
  11 orc zombies (D:11)
  7 rats
  A plant (Lair:8)
  A spectral weapon (D:11)
679 creatures vanquished.

Vanquished Creatures (collateral kills)
  A wraith (D:10)
  A basilisk (Lair:4)
  2 ogres
  A necrophage (D:5)
  A scorpion (D:4)
  A crimson imp (D:9)
  An orc priest (D:9)
  A centaur skeleton (D:4)
  3 worker ants
  A sheep (Lair:7)
  A worm (D:4)
  A dart slug (D:1)
  An orc (D:4)
  A hobgoblin (D:1)
  A jackal (D:3)
18 creatures vanquished.

Vanquished Creatures (others)
  57 fungi
  31 plants
  A spectral weapon (Lair:4)
89 creatures vanquished.

Grand Total: 786 creatures vanquished

Notes
Turn   | Place    | Note
--------------------------------------------------------------
     0 | D:1      | vale the Ghoul Wizard began the quest for the Orb.
     0 | D:1      | Reached XP level 1. HP: 14/14 MP: 3/3
    18 | D:1      | Reached skill level 1 in Conjurations
   594 | D:1      | Reached XP level 2. HP: 19/19 MP: 1/4
   601 | D:1      | Learned a level 2 spell: Blink
   604 | D:1      | Learned a level 2 spell: Call Imp
  1368 | D:1      | Reached XP level 3. HP: 23/26 MP: 0/6
  2143 | D:2      | Found a shimmering altar of Xom.
  2143 | D:2      | Found a shimmering altar of Xom.
  2144 | D:2      | Found a shimmering altar of Xom.
  2144 | D:2      | Found a shimmering altar of Xom.
  2229 | D:2      | You fall through a shaft for 2 floors!
  2257 | D:4      | Noticed a scorpion
  2270 | D:4      | Killed a scorpion
  2270 | D:4      | Reached XP level 4. HP: 25/33 MP: 1/7
  3338 | D:2      | Learned a level 3 spell: Mephitic Cloud
  3686 | D:2      | Reached XP level 5. HP: 38/38 MP: 1/8
  4638 | D:3      | Found a faded altar to an unknown god.
  5055 | D:3      | HP: 1/38 [giant frog (7)]
  5058 | D:3      | Reached XP level 6. HP: 2/45 MP: 0/9
  5060 | D:3      | jesus
  5832 | D:4      | Learned a level 3 spell: Conjure Flame
  6246 | D:4      | Found an iron altar of Okawaru.
  6247 | D:4      | Found an oddly glowing altar of Pakellas.
  6289 | D:4      | Found a glowing silver altar of Zin.
  6379 | D:4      | Reached XP level 7. HP: 50/50 MP: 3/12
  7633 | D:5      | Entered Level 5 of the Dungeon
  7634 | D:5      | Found an ancient bone altar of Kikubaaqudgha.
  8199 | D:5      | Found an opulent altar of Gozag.
  8271 | D:5      | Reached skill level 5 in Spellcasting
  8427 | D:5      | Reached XP level 8. HP: 56/56 MP: 5/14
  8872 | D:5      | Found a snail-covered altar of Cheibriados.
  8916 | D:5      | Reached skill level 1 in Fighting
  8948 | D:5      | Reached skill level 5 in Stealth
  9380 | D:6      | Reached skill level 2 in Fighting
 10124 | D:6      | Found a staircase to the Ecumenical Temple.
 10144 | D:6      | Reached skill level 3 in Fighting
 10197 | Temple   | Entered the Ecumenical Temple
 10292 | Temple   | Became a worshipper of Ashenzari the Shackled
 10639 | D:7      | Reached skill level 1 in Staves
 10811 | D:7      | Reached XP level 9. HP: 54/69 MP: 3/17
 11538 | D:7      | Learned a level 2 spell: Repel Missiles
 11640 | D:7      | Reached skill level 5 in Conjurations
 12193 | D:7      | Reached skill level 5 in Staves
 12802 | D:8      | Found a flagged portal.
 12864 | Bailey   | Entered a bailey
 12864 | Bailey   | Noticed TittyCrusher's ghost (novice NaTm)
 12989 | D:8      | Reached * piety under Ashenzari
 13235 | D:8      | Noticed Prince Ribbit
 13846 | D:8      | Killed Prince Ribbit
 13846 | D:8      | Reached XP level 10. HP: 77/77 MP: 12/18
 13860 | D:8      | Found a shadowy altar of Dithmenos.
 14195 | D:8      | Reached skill level 1 in Translocations
 15062 | D:9      | Reached skill level 4 in Fighting
 15239 | D:9      | Reached skill level 1 in Charms
 16061 | D:7      | Reached skill level 5 in Fighting
 17040 | D:9      | Reached skill level 1 in Short Blades
 17260 | D:10     | Entered Level 10 of the Dungeon
 17396 | D:10     | Noticed a gargoyle
 17547 | D:10     | Noticed ReaperSqirrel's ghost (novice MiMo)
 18031 | D:11     | Noticed Psyche
 18084 | D:11     | Found an ancient bone altar of Kikubaaqudgha.
 18089 | D:10     | Found a staircase to the Lair.
 18089 | D:10     | Reached ** piety under Ashenzari
 18107 | D:10     | Reached skill level 6 in Fighting
 18721 | D:10     | Reached XP level 11. HP: 89/89 MP: 14/19
 18827 | D:11     | Reached skill level 7 in Fighting
 19007 | D:11     | Noticed a skeletal warrior
 19007 | D:11     | Noticed a brown ugly thing
 19039 | Lair:1   | Entered Level 1 of the Lair of Beasts
 19554 | Lair:1   | Noticed isthmus's ghost (journeyman CeFi)
 19554 | Lair:1   | come on
 19880 | Lair:2   | Reached skill level 8 in Fighting
 20616 | Lair:2   | Reached skill level 9 in Fighting
 21761 | Lair:3   | Reached *** piety under Ashenzari
 21782 | Lair:3   | Reached skill level 10 in Fighting
 22005 | Lair:3   | Noticed a seven-headed hydra
 22225 | Lair:3   | Reached skill level 11 in Fighting
 22711 | Lair:3   | Killed a seven-headed hydra
 23021 | Lair:3   | Noticed an eight-headed hydra
 23060 | Lair:3   | Noticed a five-headed hydra
 23111 | Lair:3   | Killed a five-headed hydra
 23517 | Lair:3   | Reached XP level 12. HP: 107/110 MP: 16/20
 24064 | Lair:3   | Learned a level 3 spell: Regeneration
 24068 | Lair:3   | Learned a level 3 spell: Confuse
 24072 | Lair:3   | Learned a level 3 spell: Spectral Weapon
 24232 | Lair:4   | Reached skill level 1 in Hexes
 24270 | Lair:4   | this is stupid
 24847 | Lair:4   | Found a staircase to the Shoals.
 24946 | Lair:4   | Reached skill level 5 in Dodging
 26682 | Lair:5   | Noticed a catoblepas
 27014 | Lair:5   | Found a staircase to the Snake Pit.
 27693 | Lair:6   | Noticed a five-headed hydra
 27724 | Lair:6   | Reached **** piety under Ashenzari
 27930 | Lair:6   | Killed a five-headed hydra
 27930 | Lair:6   | Reached XP level 13. HP: 42/117 MP: 17/23
 28979 | Lair:6   | Reached skill level 10 in Stealth
 29514 | Lair:6   | Found a staircase to the Slime Pits.
 30223 | Lair:6   | Reached skill level 1 in Armour
 32309 | Lair:8   | Entered Level 8 of the Lair of Beasts
 32857 | Lair:8   | Reached skill level 5 in Hexes
 33123 | Lair:7   | Reached XP level 14. HP: 50/125 MP: 13/25
 34410 | D:11     | Learned a level 4 spell: Animate Dead
 34421 | D:11     | Found a staircase to the Orcish Mines.
 34623 | D:11     | Reached skill level 5 in Short Blades
 35163 | D:11     | Noticed Fannar
 35261 | Orc:1    | Entered Level 1 of the Orcish Mines
 35261 | Orc:1    | Found Hiurepir's Weapon Emporium.
 35530 | Orc:2    | Entered Level 2 of the Orcish Mines
 35816 | Orc:2    | Noticed Sonja
 35829 | Orc:2    | Killed Sonja
 35872 | Orc:2    | Reached skill level 1 in Necromancy
 35897 | Orc:1    | Noticed a stone giant
 35922 | Orc:2    | Found a staircase to the Elven Halls.
 36085 | Orc:1    | Slain by a stone giant

Skill      XL: |  1  2  3  4  5  6  7  8  9 10 11 12 13 14 |
---------------+-------------------------------------------+-----
Conjurations   | 1 2 3 4 6 |  6.2
Spellcasting   | 4 5 6 7 8 |  8.4
Stealth        | 4 5 6 9 10 | 10.8
Fighting       | 3 6 11 | 11.8
Staves         | 2 6 7 |  7.2
Translocations | 2 |  2.5
Charms         | 4 |  4.1
Short Blades   | 2 5 |  5.5
Dodging        | 2 7 8 |  8.3
Hexes          | 2 5 6 |  6.9
Armour         | 2 |  2.5
Necromancy     | 1 |  1.1
Summonings     | |  0.8

Action                   |  1- 3 |  4- 6 |  7- 9 | 10-12 | 13-15 || total
-------------------------+-------+-------+-------+-------+-------++-------
Melee: Unarmed           |     5 |       |       |       |       ||     5
       Hand axe          |    27 |       |       |       |       ||    27
       Dagger            |       |    41 |    93 |   737 |   922 ||  1793
       Quarterstaff      |       |       |   108 |   175 |       ||   283
Throw: Stone             |     4 |       |     9 |       |       ||    13
       Throwing net      |       |       |       |       |     1 ||     1
 Cast: Magic Dart        |    61 |   159 |   302 |   416 |   146 ||  1084
       Call Imp          |     7 |    19 |    16 |    43 |     8 ||    93
       Conjure Flame     |       |     1 |    31 |    53 |    58 ||   143
       Blink             |       |     1 |     2 |     9 |     8 ||    20
       Mephitic Cloud    |       |       |    37 |   120 |    80 ||   237
       Repel Missiles    |       |       |     2 |     2 |     2 ||     6
       Regeneration      |       |       |       |     2 |    23 ||    25
       Spectral Weapon   |       |       |       |     1 |     3 ||     4
       Confuse           |       |       |       |       |    38 ||    38
Invok: Curse Item        |       |       |       |     1 |       ||     1
       Scrying           |       |       |       |       |     1 ||     1
Evoke: Wand              |       |       |    13 |    14 |     3 ||    30
       Fan of gales      |       |       |       |     1 |     1 ||     2
  Use: Scroll            |       |     9 |     9 |    16 |     2 ||    36
       Potion            |       |     6 |     1 |     6 |     3 ||    16
 Stab: Confused          |       |       |     6 |    51 |    64 ||   121
       Sleeping          |       |       |     1 |     2 |     7 ||    10
       Distracted        |       |       |       |     1 |       ||     1
       Petrified         |       |       |       |       |     2 ||     2
       Invisible         |       |       |       |       |     1 ||     1
  Eat: Chunk             |     6 |    14 |    33 |    77 |    51 ||   181
       Meat ration       |       |     1 |       |     1 |       ||     2
       Pizza             |       |       |       |     1 |     1 ||     2
Armor: Robe              |    17 |     7 |    37 |   126 |    87 ||   274
Dodge: Dodged            |    39 |    56 |   112 |   364 |   413 ||   984
       Deflected         |       |       |     2 |     5 |     3 ||    10
Block: Other             |       |     3 |    43 |   159 |   128 ||   333
       Reflection        |       |       |     3 |     6 |     2 ||    11
